[Event "Titled Tuesday Blitz March 01 Early 2022"]
[White "Jaskolka, Tomasz"]
[Black "Gaehwiler, Gabriel"]
[WhiteFideId "1170791"]
[BlackFideId "1314530"]
[WhiteElo "2054"]
[BlackElo "2383"]
[Result "0-1"]
[Round "07"]
[TimeControl "180+1"]
[Date "2022.03.01"]
[WhiteClock "0:00:13"]
[BlackClock "0:00:21"]

1. d4 Nf6 2. Bf4 g6 3. Nc3 d5 4. e3 c6 5. h4 h6 6. Nf3 Bg4 7. Be2 Bxf3 8. Bxf3 Nbd7 9. Qe2 Bg7 10. O-O O-O 11. e4 dxe4 12. Nxe4 Nxe4 13. Bxe4 Nf6 14. c3 e6 15. Bc2 Nd5 16. Bd2 Qxh4 17. g3 Qh3 18. Be4 Rae8 19. Bg2 Qf5 20. Be4 Qf6 21. f4 h5 22. Kg2 Qd8 23. Rh1 Nf6 24. Bf3 Qd6 25. Rae1 Rd8 26. Be3 Rfe8 27. Bf2 Bf8 28. Rh3 Bg7 29. Reh1 a5 30. Be3 Kf8 31. g4 hxg4 32. Bxg4 Nxg4 33. Qxg4 Qd5+ 34. Kf2 Qf5 35. Qg3 Ke7 36. Rh7 Rg8 37. Kf3 Kd7 38. Qh4 Kc8 39. Qe7 Qd5+ 40. Kf2 Qd7 41. Qc5 Qc7 42. Kf3 Rd5 43. Qa3 Rdd8 44. f5 exf5 45. Bf4 Qd7 46. Qxa5 Qd5+ 47. Qxd5 Rxd5 48. Re1 Rd7 49. Be5 Bxe5 50. Rxe5 Rgd8 51. Kf4 Kc7 52. Kg5 f6+ 53. Kxg6 fxe5 54. Rxd7+ Rxd7 55. dxe5 f4 56. e6 Re7 57. Kf6 Kd6 58. c4 c5 0-1


[Site "https://www.chess.com"]

[Event "Titled Tuesday Blitz March 01 Early 2022"]
[White "Kamsky, Gata"]
[Black "Shuvalova, Polina"]
[WhiteFideId "2000024"]
[BlackFideId "24171760"]
[WhiteElo "2645"]
[BlackElo "2355"]
[Result "1-0"]
[Round "07"]
[TimeControl "180+1"]
[Date "2022.03.01"]
[WhiteClock "0:01:47"]
[BlackClock "0:00:13"]

1. e4 c5 2. Nf3 d6 3. d4 cxd4 4. Nxd4 Nf6 5. Nc3 Nc6 6. Bg5 g6 7. Bxf6 exf6 8. Bc4 Bg7 9. Ndb5 O-O 10. O-O f5 11. exf5 d5 12. Nxd5 Bxf5 13. Ne3 Bd7 14. c3 a6 15. Nd6 b5 16. Bb3 Na5 17. Bd5 Rb8 18. Qf3 Qe7 19. Rad1 Be5 20. Nxf7 Kg7 21. Rfe1 Be6 22. Nf5+ gxf5 23. Nxe5 Bxd5 24. Rxd5 Nc4 25. Qg3+ Kh8 26. Ng6+ hxg6 27. Rxe7 1-0


[Site "https://www.chess.com"]

[Event "Titled Tuesday Blitz March 01 Early 2022"]
[White "Kanyamarala, Trisha"]
[Black "Kaplan, Ebru"]
[WhiteFideId "45004722"]
[BlackFideId "6315194"]
[WhiteElo "2002"]
[BlackElo "1941"]
[Result "1-0"]
[Round "07"]
[TimeControl "180+1"]
[Date "2022.03.01"]
[WhiteClock "0:02:03"]
[BlackClock "0:01:41"]

1. c4 c6 2. Nc3 d5 3. e3 Nf6 4. Nf3 Bg4 5. d4 e6 6. Be2 Be7 7. O-O O-O 8. b3 Nbd7 9. Bb2 Rc8 10. h3 Bh5 11. Rc1 h6 12. Qc2 dxc4 13. bxc4 Bxf3 14. Bxf3 e5 15. Rfd1 Qc7 16. Ne4 Rfd8 17. Nxf6+ Bxf6 18. Bg4 exd4 19. exd4 c5 20. d5 Bxb2 21. Qxb2 Ne5 22. Bxc8 Rxc8 23. d6 Qd7 24. Qxe5 1-0


[Site "https://www.chess.com"]

[Event "Titled Tuesday Blitz March 01 Early 2022"]
[White "Karttunen, Mika"]
[Black "Samant Aditya S"]
[WhiteFideId "502081"]
[BlackFideId "35080580"]
[WhiteElo "2343"]
[BlackElo "1916"]
[Result "1/2-1/2"]
[Round "07"]
[TimeControl "180+1"]
[Date "2022.03.01"]
[WhiteClock "0:00:22"]
[BlackClock "0:00:04"]

1. d4 Nf6 2. c4 e6 3. g3 Bb4+ 4. Bd2 a5 5. Bg2 d5 6. a3 Bxd2+ 7. Nxd2 O-O 8. Ngf3 dxc4 9. Nxc4 b5 10. Nce5 Bb7 11. Rc1 Ra6 12. O-O Nbd7 13. Nd3 Be4 14. Nfe5 Bxg2 15. Kxg2 Rd6 16. e3 c5 17. Nxd7 Nxd7 18. Nxc5 e5 19. Ne4 Rb6 20. d5 b4 21. a4 Qa8 22. Rc7 Rd8 23. Qd3 Nf8 24. Rd1 Ne6 25. Rc4 Nf8 26. Rc5 Nd7 27. Rb5 Ra6 28. Ng5 g6 29. e4 h6 30. Nf3 Qa7 31. Rc1 Kg7 32. Rc6 Re8 33. Qc4 Nb6 34. Qc5 Nxa4 35. Qc2 Rxc6 36. dxc6 Nb6 37. Qc5 Nc8 38. Rxa5 Qxc5 39. Rxc5 Kf6 40. Nd2 Ke6 41. Nc4 Re7 42. Ne3 Kd6 43. Rc4 Rc7 44. Nd5 Rxc6 45. Rxc6+ Kxc6 46. Nxb4+ Kc5 47. Nd3+ Kd4 48. Nb4 Kxe4 49. Nc6 Kd5 50. Nd8 Nd6 51. h4 Kc5 52. Kf3 Kb6 53. Ke3 Kc7 54. Nxf7 Nxf7 55. Ke4 Kd6 56. f4 exf4 57. gxf4 Ke6 58. b4 Nd6+ 59. Kf3 Nf5 60. Kg4 Kf6 61. h5 gxh5+ 62. Kxh5 Ke6 63. Kg6 Nd6 64. Kxh6 Kf5 65. Kg7 Kxf4 66. Kf6 Ke4 67. Ke6 Nc4 68. Kd7 Kd4 69. Kc6 Kc3 70. b5 Kb4 71. b6 Nxb6 1/2-1/2


[Site "https://www.chess.com"]

[Event "Titled Tuesday Blitz March 01 Early 2022"]
[White "Kejzar, Petra"]
[Black "Golubenko, Valentina"]
[WhiteFideId "14610213"]
[BlackFideId "4501993"]
[WhiteElo "2006"]
[BlackElo "2164"]
[Result "1-0"]
[Round "07"]
[TimeControl "180+1"]
[Date "2022.03.01"]
[WhiteClock "0:00:55"]
[BlackClock "0:01:04"]

1. e4 e6 2. c4 c5 3. Nf3 d5 4. exd5 exd5 5. cxd5 Nf6 6. Bb5+ Bd7 7. Qa4 Bd6 8. O-O O-O 9. Nc3 a6 10. Bxd7 Nbxd7 11. d4 b5 12. Qc2 c4 13. a4 b4 14. Ne4 Rc8 15. Nxd6 Rc7 16. Nxc4 Nxd5 17. b3 Nc3 18. Bb2 Nd5 19. Rfe1 Qf6 20. Qe4 Nc3 21. Bxc3 bxc3 22. Rac1 Nb6 23. Rxc3 h6 24. Rec1 Nd7 25. Nce5 Rxc3 26. Rxc3 Nxe5 27. Nxe5 Qd6 28. h3 Qb4 29. Qd3 Rd8 30. Qc4 Rxd4 31. Qc8+ Kh7 32. Qf5+ 1-0


[Site "https://www.chess.com"]

[Event "Titled Tuesday Blitz March 01 Early 2022"]
[White "Khamdamova, Afruza"]
[Black "Guz, Ari"]
[WhiteFideId "14210444"]
[BlackFideId "2825759"]
[WhiteElo "1660"]
[BlackElo "1913"]
[Result "0-1"]
[Round "07"]
[TimeControl "180+1"]
[Date "2022.03.01"]
[WhiteClock "0:00:50"]
[BlackClock "0:00:22"]

1. e4 c5 2. Nf3 e6 3. d4 cxd4 4. Nxd4 a6 5. Nc3 Qc7 6. Be2 Bb4 7. Bd2 Nf6 8. Bd3 Nc6 9. Nb3 O-O 10. O-O b5 11. a3 Be7 12. f4 d6 13. Be3 Bb7 14. Nd4 Nd7 15. Kh1 Nxd4 16. Bxd4 Nc5 17. e5 Rad8 18. Qg4 f5 19. exf6 Bxf6 20. Bxf6 Rxf6 21. Rae1 Nxd3 22. cxd3 Rg6 23. Qh4 Bxg2+ 24. Kg1 Bxf1+ 25. Kxf1 Rf8 26. Re4 e5 27. Ke2 Qf7 28. Kd2 Qb3 29. Nd1 Rg2+ 30. Re2 Rxe2+ 31. Kxe2 Qc2+ 32. Ke1 exf4 33. Qe7 f3 34. Qe6+ Kh8 35. Qe7 f2+ 0-1


[Site "https://www.chess.com"]

[Event "Titled Tuesday Blitz March 01 Early 2022"]
[White "Kohler, Aran"]
[Black "Boraso, Alessio"]
[WhiteFideId "1002856"]
[BlackFideId "848077"]
[WhiteElo "2252"]
[BlackElo "2277"]
[Result "1-0"]
[Round "07"]
[TimeControl "180+1"]
[Date "2022.03.01"]
[WhiteClock "0:01:07"]
[BlackClock "0:00:01"]

1. e4 d5 2. Nc3 dxe4 3. Nxe4 Nf6 4. Nxf6+ gxf6 5. Nf3 Nd7 6. Bc4 b6 7. Bd5 Rb8 8. O-O e6 9. Re1 Be7 10. Bc6 Bb7 11. Bxb7 Rxb7 12. d4 Nf8 13. Bf4 Bd6 14. Bg3 Ng6 15. Qd2 h5 16. c4 c6 17. Bxd6 Qxd6 18. d5 cxd5 19. cxd5 e5 20. Rac1 Rd7 21. Rc8+ Rd8 22. Rxd8+ Kxd8 23. Rd1 Nf4 24. g3 Rg8 25. Kf1 e4 26. Nh4 Qd7 27. Qxf4 Qh3+ 28. Kg1 Kd7 29. Qf5+ Qxf5 30. Nxf5 Rc8 31. Ne3 Kd6 32. h3 Ke5 33. b3 f5 34. Nc4+ Kf6 35. d6 1-0


[Site "https://www.chess.com"]

[Event "Titled Tuesday Blitz March 01 Early 2022"]
[White "Kornyukov, Alexey"]
[Black "Musovic, Armin"]
[WhiteFideId "4150457"]
[BlackFideId "939935"]
[WhiteElo "2303"]
[BlackElo "2250"]
[Result "0-1"]
[Round "07"]
[TimeControl "180+1"]
[Date "2022.03.01"]
[WhiteClock "0:01:28"]
[BlackClock "0:00:23"]

1. e4 c6 2. d4 d5 3. exd5 cxd5 4. Nf3 Nc6 5. Bd3 Bg4 6. c3 e6 7. O-O Bd6 8. h3 Bh5 9. Be3 Nge7 10. b4 O-O 11. a4 e5 12. dxe5 Nxe5 13. Be2 Nc4 14. Bg5 f6 15. Be3 Nxe3 16. fxe3 Rc8 17. Nd4 Bf7 18. Bg4 Rc4 19. Be6 Qb6 20. Qf3 Be5 21. Bxf7+ Rxf7 22. Qg4 Qc7 23. Ne6 Qc8 24. Rc1 Rxg4 25. hxg4 Qxe6 26. Nd2 Qxg4 27. Nf3 Nf5 28. Nxe5 fxe5 29. Rf1 Nxe3 30. Rf2 Rxf2 31. Kxf2 Qf4+ 32. Ke2 Ng4 33. Rf1 Qe3+ 34. Kd1 Qd3+ 35. Ke1 Qe3+ 36. Kd1 Qd3+ 37. Ke1 Qxc3+ 38. Ke2 Qe3+ 39. Kd1 Qb3+ 40. Ke1 Qxb4+ 41. Ke2 Qc4+ 42. Ke1 Qxa4 43. Rf5 Qe4+ 44. Kf1 Qxf5+ 45. Kg1 Qf2+ 46. Kh1 Qf1# 0-1


[Site "https://www.chess.com"]

[Event "Titled Tuesday Blitz March 01 Early 2022"]
[White "Kukhmazov, Arsen"]
[Black "Domingo Nunez, Alejandro"]
[WhiteFideId "24108260"]
[BlackFideId "22245561"]
[WhiteElo "2487"]
[BlackElo "2215"]
[Result "1-0"]
[Round "07"]
[TimeControl "180+1"]
[Date "2022.03.01"]
[WhiteClock "0:00:16"]
[BlackClock "0:00:02"]

1. d4 g6 2. h4 h5 3. Nf3 Bg7 4. g3 d6 5. Bg2 Nd7 6. O-O Ngf6 7. c4 O-O 8. Nc3 c5 9. b3 Rb8 10. Bg5 a6 11. Rc1 b5 12. dxc5 Nxc5 13. Nd4 Bd7 14. cxb5 axb5 15. Nc6 Bxc6 16. Bxc6 b4 17. Na4 Nfe4 18. Nxc5 Nxc5 19. Qd2 Qc7 20. Bf3 Qa7 21. Rc2 Ne6 22. Be3 Bd4 23. Rfc1 Bxe3 24. fxe3 Nc5 25. Kf2 Qd7 26. Qd4 Qe6 27. Rc4 Rfc8 28. Kg2 Rd8 29. Bd5 Qd7 30. Rxb4 Rxb4 31. Qxb4 e6 32. Bf3 Qa7 33. a4 Rb8 34. Qd4 Qa6 35. b4 Nb3 36. Qc4 Qxa4 37. Rd1 Qxb4 38. Qc7 Nd2 39. Rxd2 Qxd2 40. Qxb8+ Kg7 41. Qb3 d5 42. Qd3 Qb2 43. Qd4+ Qxd4 44. exd4 f6 45. e3 Kf7 46. Bd1 Ke7 47. Bb3 Kd6 48. Kf3 Kc6 49. Bc2 g5 50. Bg6 1-0


[Site "https://www.chess.com"]

[Event "Titled Tuesday Blitz March 01 Early 2022"]
[White "Kushko, Dmitriy"]
[Black "Godzwon, Iwo"]
[WhiteFideId "14162261"]
[BlackFideId "21802483"]
[WhiteElo "2225"]
[BlackElo "2201"]
[Result "1/2-1/2"]
[Round "07"]
[TimeControl "180+1"]
[Date "2022.03.01"]
[WhiteClock "0:00:36"]
[BlackClock "0:00:17"]

1. Nf3 c5 2. g3 g6 3. Bg2 Bg7 4. c4 Nc6 5. Nc3 e6 6. a3 Nge7 7. b4 cxb4 8. axb4 Nxb4 9. Ba3 Nbc6 10. Nb5 O-O 11. Bd6 Nf5 12. Bxf8 Bxa1 13. Qxa1 Qxf8 14. O-O a6 15. Nc3 Qg7 16. e3 d6 17. d4 Bd7 18. Ne4 h5 19. c5 d5 20. Ned2 Qf8 21. Rb1 Rb8 22. Ne1 Qd8 23. Nd3 Nce7 24. e4 dxe4 25. Nxe4 Nd5 26. Ne5 Bb5 27. Bf1 Bxf1 28. Kxf1 Kg7 29. Nc4 Qc8 30. Ned6 Qc6 31. Nxf5+ gxf5 32. Ne5 Qc7 33. Qa3 b6 34. Qf3 f6 35. Nd3 Kg6 36. Re1 Re8 37. Rxe6 Rxe6 38. Qxd5 Re4 39. Nf4+ Rxf4 40. gxf4 bxc5 41. dxc5 a5 42. c6 a4 43. Qd7 Qxf4 44. c7 Qc1+ 45. Kg2 Qg5+ 46. Kf1 Qc1+ 47. Ke2 Qc2+ 48. Ke3 Qc3+ 49. Ke2 Qc2+ 50. Ke1 Qc1+ 51. Ke2 Qc2+ 1/2-1/2


[Site "https://www.chess.com"]

[Event "Titled Tuesday Blitz March 01 Early 2022"]
[White "Kuzmin, Roman"]
[Black "Szpar, Milosz"]
[WhiteFideId "44134932"]
[BlackFideId "1184989"]
[WhiteElo "1978"]
[BlackElo "2447"]
[Result "0-1"]
[Round "07"]
[TimeControl "180+1"]
[Date "2022.03.01"]
[WhiteClock "0:00:10"]
[BlackClock "0:01:48"]

1. e4 c5 2. Nf3 d6 3. d4 cxd4 4. Nxd4 Nf6 5. Nc3 Nc6 6. Be2 g6 7. O-O Bg7 8. Nb3 O-O 9. Re1 Be6 10. Bg5 h6 11. Be3 Rc8 12. Qd2 Kh7 13. f3 a6 14. Nd5 Nd7 15. c3 Nce5 16. a4 Nc4 17. Bxc4 Rxc4 18. a5 Rc8 19. Qe2 Ne5 20. Nd2 f5 21. Nb6 Rc6 22. Bd4 f4 23. Rec1 g5 24. c4 g4 25. Qf2 Nd3 26. Bxg7 Nxf2 27. Bxf8 Qxf8 28. Kxf2 Qf6 29. Rc3 Qh4+ 30. Kg1 g3 31. Nf1 Rc5 32. Nd5 gxh2+ 33. Nxh2 Bf7 34. b4 Rc8 35. e5 Bxd5 36. exd6 exd6 37. Re1 Qxe1+ 0-1


[Site "https://www.chess.com"]

[Event "Titled Tuesday Blitz March 01 Early 2022"]
[White "Lauridsen, Jesper Morch"]
[Black "Brunner, Nicolas"]
[WhiteFideId "1401890"]
[BlackFideId "620246"]
[WhiteElo "2192"]
[BlackElo "2372"]
[Result "1/2-1/2"]
[Round "07"]
[TimeControl "180+1"]
[Date "2022.03.01"]
[WhiteClock "0:02:43"]
[BlackClock "0:01:39"]

1. e4 e5 2. Nf3 Nc6 3. d4 exd4 4. Bc4 Nf6 5. O-O Nxe4 6. Re1 d5 7. Bxd5 Qxd5 8. Nc3 Qd7 9. Nxe4 Be7 10. Bg5 O-O 11. Bxe7 Qxe7 12. Nxd4 Bd7 13. Nb3 Rae8 14. Nbc5 Bc8 15. Qd2 b6 16. Nd3 Qh4 17. Ng3 Bb7 1/2-1/2


[Site "https://www.chess.com"]

[Event "Titled Tuesday Blitz March 01 Early 2022"]
[White "Lazavik, Denis"]
[Black "Rostovtsev, Dmitry"]
[WhiteFideId "13515110"]
[BlackFideId "34278320"]
[WhiteElo "2436"]
[BlackElo "2218"]
[Result "1-0"]
[Round "07"]
[TimeControl "180+1"]
[Date "2022.03.01"]
[WhiteClock "0:00:12"]
[BlackClock "0:00:03"]

1. d4 Nf6 2. c4 g6 3. g3 Bg7 4. Bg2 O-O 5. Nc3 d6 6. Nf3 Nc6 7. O-O e5 8. dxe5 dxe5 9. Bg5 h6 10. Qxd8 Rxd8 11. Bxf6 Bxf6 12. Nd5 Kg7 13. Nxc7 Rb8 14. e4 Be7 15. Nd5 Bc5 16. Rfd1 a5 17. Rac1 Be6 18. b3 a4 19. Ne1 axb3 20. axb3 Ra8 21. Nd3 Bd4 22. Rd2 Na5 23. Rb1 Nxb3 24. Rc2 Ra3 25. Bf1 Bg4 26. Be2 Na1 27. Rd2 Bxe2 28. Rxe2 Rxd3 29. Rxb7 Rb3 30. Rc7 Rb2 31. Rxb2 Bxb2 32. c5 Bd4 33. c6 Nb3 34. Rd7 Ra8 35. c7 Ra2 36. c8=Q Rxf2 37. Kh1 1-0


[Site "https://www.chess.com"]

[Event "Titled Tuesday Blitz March 01 Early 2022"]
[White "Li, Ben"]
[Black "Cori T., Deysi"]
[WhiteFideId "2089980"]
[BlackFideId "3801934"]
[WhiteElo "2267"]
[BlackElo "2350"]
[Result "1-0"]
[Round "07"]
[TimeControl "180+1"]
[Date "2022.03.01"]
[WhiteClock "0:00:09"]
[BlackClock "0:00:01"]

1. d4 f5 2. Nc3 d6 3. e4 c6 4. exf5 Bxf5 5. Bd3 Qd7 6. Nge2 g6 7. O-O Bg7 8. Bxf5 Qxf5 9. Nf4 e5 10. dxe5 dxe5 11. Re1 Ne7 12. Nd3 Nd7 13. Ne4 O-O 14. Qe2 Nd5 15. Nd6 Qf6 16. Nxb7 Rae8 17. Nbc5 Nxc5 18. Nxc5 e4 19. Nd7 Qf5 20. Nxf8 Bxf8 21. Bd2 Bd6 22. c4 Nb4 23. Bxb4 Bxb4 24. Red1 Bc5 25. a3 a5 26. g3 Rf8 27. Rf1 Bd4 28. Kg2 c5 29. Rab1 h5 30. h4 Rd8 31. b4 axb4 32. axb4 cxb4 33. Rxb4 Re8 34. Rb5 Qf6 35. Rd5 Bb6 36. c5 Bc7 37. Rfd1 Rf8 38. R1d2 Qe6 39. Rg5 Rf7 40. Qe3 Kg7 41. Qc3+ Kh7 42. c6 e3 43. Qxe3 Qxc6+ 44. Kh2 Bb6 45. Qd3 Bxf2 46. Qd6 Qxd6 47. Rxd6 Be3 48. Rgxg6 Rf2+ 49. Kh3 Rf1 50. Rge6 1-0


[Site "https://www.chess.com"]

[Event "Titled Tuesday Blitz March 01 Early 2022"]
[White "Makhnev, Denis"]
[Black "Al-Tarboush, Ward"]
[WhiteFideId "13707647"]
[BlackFideId "7601450"]
[WhiteElo "2491"]
[BlackElo "2276"]
[Result "1-0"]
[Round "07"]
[TimeControl "180+1"]
[Date "2022.03.01"]
[WhiteClock "0:02:00"]
[BlackClock "0:01:53"]

1. Nf3 d5 2. c4 c6 3. cxd5 cxd5 4. d4 Nf6 5. Nc3 Nc6 6. Bf4 Bf5 7. e3 e6 8. Ne5 Nxe5 9. Bxe5 Be7 10. Bb5+ Nd7 11. Bxg7 Rg8 12. Be5 Rxg2 13. Bg3 Be4 14. Nxe4 dxe4 15. Kf1 Rxg3 16. hxg3 a6 17. Bxd7+ Qxd7 18. Rxh7 O-O-O 19. Qc2+ Kb8 20. Qxe4 f5 21. Qf3 Qb5+ 22. Kg2 Bd6 23. b3 Rc8 24. Rah1 Ka7 25. Rf7 e5 26. dxe5 Bxe5 27. Rhh7 Rb8 28. Rxf5 Qe8 29. Qe4 Bd6 30. Rxb7+ Rxb7 1-0


[Site "https://www.chess.com"]

[Event "Titled Tuesday Blitz March 01 Early 2022"]
[White "Makhnev, Denis"]
[Black "Kretov, Evgenij"]
[WhiteFideId "13707647"]
[BlackFideId "4167821"]
[WhiteElo "2491"]
[BlackElo "2303"]
[Result "1-0"]
[Round "07"]
[TimeControl "180+1"]
[Date "2022.03.01"]
[WhiteClock "0:00:10"]
[BlackClock "0:00:20"]

1. d4 Nf6 2. c4 c5 3. d5 e5 4. Nc3 d6 5. Nf3 Be7 6. h3 O-O 7. g4 Ne8 8. Bg2 Nd7 9. e4 g6 10. h4 Ndf6 11. Nh2 h5 12. g5 Nd7 13. Nf3 a6 14. a4 Rb8 15. Qc2 Nc7 16. a5 b5 17. axb6 Nxb6 18. b3 Bg4 19. Be3 Qc8 20. Nd2 Ra8 21. Ra5 Bd8 22. f3 Bd7 23. Ke2 Ne8 24. Ra3 Nc7 25. Qd1 Be7 26. Qf1 Qb7 27. Bh3 Rfb8 28. Bxd7 Nxd7 29. Qc1 Bd8 30. Qb2 a5 31. Rha1 Na6 32. Bf2 Nb4 33. Nb5 Ra6 34. Nb1 Nf8 35. N1c3 Qd7 36. Rh1 Rba8 37. Qd2 Qc8 38. Kf1 Qd7 39. Kg2 Qc8 40. Rh3 Qd7 41. Rg3 Be7 42. Ra1 Re8 43. Rf1 Bd8 44. Be3 Rb6 45. f4 exf4 46. Rxf4 Nh7 47. Rgf3 Rf8 48. Bf2 Rb7 49. Bg3 Be7 50. Rf6 Rb6 51. e5 Bxf6 52. gxf6 g5 53. e6 fxe6 54. hxg5 e5 55. Ne4 Qg4 56. Nbxd6 h4 57. g6 Nxf6 58. Rxf6 Rxd6 59. Rxf8+ Kxf8 60. Qh6+ Ke7 61. Qg7+ Kd8 62. Qf8+ Kd7 63. Qxd6+ Kc8 64. Qe6+ 1-0


[Site "https://www.chess.com"]

[Event "Titled Tuesday Blitz March 01 Early 2022"]
[White "Maltsevskaya, Aleksandra"]
[Black "Kirillov, Dmitry"]
[WhiteFideId "24174041"]
[BlackFideId "34180572"]
[WhiteElo "2283"]
[BlackElo "2076"]
[Result "0-1"]
[Round "07"]
[TimeControl "180+1"]
[Date "2022.03.01"]
[WhiteClock "0:00:01"]
[BlackClock "0:00:21"]

1. Nf3 Nf6 2. g3 d5 3. Bg2 c5 4. O-O e6 5. d3 Nc6 6. Nbd2 g6 7. e4 Bg7 8. exd5 Nxd5 9. Nc4 O-O 10. a4 b6 11. Re1 Bb7 12. a5 Rc8 13. axb6 axb6 14. c3 b5 15. Nce5 Nxe5 16. Nxe5 Qc7 17. Nf3 Ra8 18. Rxa8 Rxa8 19. Qb3 Bc6 20. Ng5 Ra1 21. h4 b4 22. Ne4 Bb5 23. Kh2 c4 24. dxc4 Ba4 25. Qxa4 Rxa4 26. cxd5 exd5 27. Bf4 Qe7 28. Bg5 Qf8 29. Nf6+ Bxf6 30. Bxf6 Ra6 31. Bd4 Re6 32. Ra1 Qd8 33. Ra5 Qxa5 0-1


[Site "https://www.chess.com"]

[Event "Titled Tuesday Blitz March 01 Early 2022"]
[White "Manelyuk, Daniil"]
[Black "Dziththauly, Ramadhan"]
[WhiteFideId "44173920"]
[BlackFideId "7105525"]
[WhiteElo "2222"]
[BlackElo "2579"]
[Result "0-1"]
[Round "07"]
[TimeControl "180+1"]
[Date "2022.03.01"]
[WhiteClock "0:00:07"]
[BlackClock "0:00:51"]

1. e4 c5 2. Nf3 d6 3. d4 cxd4 4. Nxd4 Nf6 5. Nc3 a6 6. f3 e5 7. Nb3 Be6 8. Be3 Nbd7 9. Qd2 h5 10. Be2 Rc8 11. Nd5 Bxd5 12. exd5 Nb6 13. c4 Nxc4 14. Bxc4 Rxc4 15. Na5 Rc8 16. Nxb7 Qd7 17. Na5 Qb5 18. Rd1 Be7 19. Nc6 Bd8 20. b4 Bb6 21. Bxb6 Qxb6 22. Qf2 Qxf2+ 23. Kxf2 Nxd5 24. Rxd5 Rxc6 25. Rhd1 Ke7 26. R1d2 Rb8 27. a3 Rb5 28. R5d3 a5 29. bxa5 Rxa5 30. Ra2 Rac5 31. a4 Rc2+ 32. Rd2 Rxd2+ 33. Rxd2 Ra6 34. Ra2 Ra5 35. Ke3 d5 36. Kd3 Kd6 37. g3 Kc5 38. h3 Kb4 39. Rb2+ Kc5 40. Rb7 f5 41. Rxg7 Rxa4 42. Rg5 Ra3+ 43. Ke2 Ra2+ 44. Kd3 e4+ 45. fxe4 fxe4+ 46. Ke3 Ra3+ 47. Ke2 Kd4 48. g4 h4 49. Rh5 Rxh3 50. g5 Rh2+ 51. Kd1 Kd3 52. Ke1 e3 53. Kf1 e2+ 54. Kg1 e1=Q+ 55. Kxh2 Qe2+ 56. Kh1 Qxh5 57. g6 Qxg6 58. Kh2 Ke2 59. Kh1 Kf3 60. Kh2 Qg2# 0-1


[Site "https://www.chess.com"]

[Event "Titled Tuesday Blitz March 01 Early 2022"]
[White "Martic, Ivan"]
[Black "Muradov, Soltan"]
[WhiteFideId "929301"]
[BlackFideId "14002108"]
[WhiteElo "2290"]
[BlackElo "1854"]
[Result "0-1"]
[Round "07"]
[TimeControl "180+1"]
[Date "2022.03.01"]
[WhiteClock "0:00:45"]
[BlackClock "0:00:04"]

1. d4 Nf6 2. Nf3 e6 3. Bf4 Bd6 4. e3 Bxf4 5. exf4 b6 6. Bd3 Bb7 7. O-O g6 8. Re1 d6 9. a4 O-O 10. a5 bxa5 11. Nbd2 Nc6 12. c3 Rb8 13. Nc4 Nd5 14. g3 Nb6 15. Nxa5 Nxa5 16. Rxa5 a6 17. Qe2 Qd7 18. Bxa6 Ra8 19. Rea1 Bxa6 20. Rxa6 Rxa6 21. Rxa6 Qc6 22. h4 Ra8 23. Rxa8+ Qxa8 24. h5 gxh5 25. Ng5 h6 26. Ne4 Kg7 27. Nd2 Qa1+ 28. Nf1 Nd5 29. Kg2 Nf6 30. Ne3 Qc1 31. f5 e5 32. dxe5 dxe5 33. Nc4 e4 34. Qd2 Qa1 35. Ne3 Qb1 36. Qd4 Qa1 37. Nd5 Qa6 38. b4 Qd6 39. Nxf6 Qxf6 40. Qxf6+ Kxf6 41. Kf1 Kxf5 42. Ke2 Ke5 43. Ke3 f5 44. c4 h4 45. gxh4 f4+ 46. Ke2 Kd4 47. c5 Kc4 48. f3 e3 49. c6 Kxb4 50. Kd3 Kc5 51. Ke4 e2 0-1


[Site "https://www.chess.com"]

[Event "Titled Tuesday Blitz March 01 Early 2022"]
[White "Matinian, Nikita"]
[Black "Ozer, Omer Faruk"]
[WhiteFideId "24129100"]
[BlackFideId "6354564"]
[WhiteElo "2422"]
[BlackElo "2050"]
[Result "1-0"]
[Round "07"]
[TimeControl "180+1"]
[Date "2022.03.01"]
[WhiteClock "0:00:32"]
[BlackClock "0:00:07"]

1. e4 e5 2. Nf3 Nc6 3. Bb5 a6 4. Ba4 Nf6 5. d3 b5 6. Bb3 Bc5 7. Bg5 h6 8. Bh4 Be7 9. O-O d6 10. a4 Na5 11. axb5 Nxb3 12. cxb3 O-O 13. Nc3 Bb7 14. bxa6 Bxa6 15. Re1 Re8 16. d4 exd4 17. Nxd4 Bb7 18. Rxa8 Qxa8 19. Nf5 Bd8 20. Qf3 Kh7 21. Qg3 g6 22. Ne3 Nh5 23. Qh3 Bc8 24. g4 Nf4 25. Qg3 g5 26. Qf3 f5 27. gxf5 Nd3 28. Rd1 Ne5 29. Qh5 Rf8 30. Bg3 Bxf5 31. exf5 Nf3+ 32. Kf1 1-0


[Site "https://www.chess.com"]

[Event "Titled Tuesday Blitz March 01 Early 2022"]
[White "Matlakov, Maxim"]
[Black "Nakamura, Hikaru"]
[WhiteFideId "4168003"]
[BlackFideId "2016192"]
[WhiteElo "2661"]
[BlackElo "2850"]
[Result "0-1"]
[Round "07"]
[TimeControl "180+1"]
[Date "2022.03.01"]
[WhiteClock "0:00:08"]
[BlackClock "0:00:44"]

1. e4 g6 2. d4 Bg7 3. Nf3 a6 4. Bd3 d6 5. O-O Bg4 6. c3 Nd7 7. Nbd2 e5 8. h3 Bxf3 9. Nxf3 Ngf6 10. Re1 O-O 11. Bg5 h6 12. Be3 Re8 13. d5 Nc5 14. Qc2 Rc8 15. Nd2 Nxd3 16. Qxd3 Nh5 17. c4 Qd7 18. Rac1 f5 19. f3 Bf6 20. Bf2 Bg5 21. Rcd1 Rf8 22. Nf1 Qf7 23. c5 Rce8 24. Qa3 Be7 25. cxd6 Bxd6 26. Qc3 b6 27. a3 a5 28. Qc2 Qf6 29. Ne3 Qg5 30. h4 Qf6 31. exf5 gxf5 32. Nc4 Re7 33. Nxd6 cxd6 34. Kh2 Rg7 35. g3 Qg6 36. Rg1 Nf6 37. Rg2 Qh5 38. Qc3 e4 39. Bd4 exf3 40. Bxf6 fxg2 41. Bxg7 Qxd1 42. Kxg2 Qe2+ 43. Kh3 Qg4+ 0-1


[Site "https://www.chess.com"]

[Event "Titled Tuesday Blitz March 01 Early 2022"]
[White "Matveeva, Olga"]
[Black "Ooi, Zhi Yang"]
[WhiteFideId "24107018"]
[BlackFideId "5709270"]
[WhiteElo "2083"]
[BlackElo "1802"]
[Result "0-1"]
[Round "07"]
[TimeControl "180+1"]
[Date "2022.03.01"]
[WhiteClock "0:00:03"]
[BlackClock "0:00:06"]

1. d4 d5 2. c4 e6 3. Nf3 c5 4. cxd5 exd5 5. g3 Nc6 6. Bg2 Nf6 7. O-O Be7 8. Nc3 O-O 9. Bg5 c4 10. Ne5 Be6 11. f4 Nd7 12. Bxe7 Nxe7 13. e3 Nxe5 14. fxe5 Rb8 15. a4 a6 16. Qh5 b5 17. axb5 axb5 18. Rf4 g6 19. Qh4 b4 20. Na4 Ra8 21. Rff1 Nf5 22. Qf4 Qa5 23. h4 c3 24. bxc3 bxc3 25. h5 Rfc8 26. g4 Nh4 27. h6 Qd8 28. Nc5 Rxa1 29. Rxa1 Nxg2 30. Kxg2 c2 31. Rf1 Qe7 32. Rc1 Qh4 33. Rxc2 Bxg4 34. Rf2 Qh3+ 35. Kg1 Bf5 36. Qf3 Qxh6 37. Qxd5 Rb8 38. Qf3 Qg5+ 39. Kh2 Rb1 40. Rf1 Qh4+ 41. Kg2 Bh3+ 42. Qxh3 Rb2+ 0-1


[Site "https://www.chess.com"]

[Event "Titled Tuesday Blitz March 01 Early 2022"]
[White "Maung, Maung Kyaw Zaw Hein"]
[Black "Vivas Zamora, Fabian Ernesto"]
[WhiteFideId "13001698"]
[BlackFideId "3902480"]
[WhiteElo "1785"]
[BlackElo "1966"]
[Result "0-1"]
[Round "07"]
[TimeControl "180+1"]
[Date "2022.03.01"]
[WhiteClock "0:00:40"]
[BlackClock "0:00:51"]

1. Nf3 Nf6 2. c4 g6 3. Nc3 d5 4. cxd5 Nxd5 5. Qa4+ Bd7 6. Qb3 Nb6 7. d4 Bg7 8. e4 O-O 9. Be3 Bg4 10. Rd1 Nc6 11. d5 Ne5 12. Be2 Nxf3+ 13. gxf3 Bh3 14. f4 Qc8 15. e5 c6 16. d6 exd6 17. exd6 Bg2 18. Rg1 Qh3 19. Kd2 Rad8 20. Kc1 Qxh2 21. Bxb6 axb6 22. Qxb6 Rxd6 23. Qxb7 Qxf4+ 24. Kb1 Bxc3 25. bxc3 Rxd1+ 26. Rxd1 Rb8 0-1


[Site "https://www.chess.com"]